 Dungeon Crawl Stone Soup version 0.23.2-40-g277498a001 (webtiles) character file.

Game seed: 11924682471529814809

457 Emblim88 the Covert (level 7, 0/46 HPs)
             Began as an Octopode Assassin on Oct 17, 2019.
             Slain by a big kobold zombie (4 damage)
             ... in an ossuary.
             The game lasted 00:09:28 (3491 turns).

Emblim88 the Covert (Octopode Assassin)             Turns: 3491, Time: 00:09:29

Health: 0/46       AC:  1    Str: 10    XL:     7   Next: 6%
Magic:  7/7        EV: 10    Int: 13    God:
Gold:   242        SH: 10    Dex: 16    Spells: 6/6 levels left

rFire    . . .     SeeInvis .   q - +2 dagger (speed)
rCold    . . .     Gourm    .   m - +0 large shield
rNeg     . . .     Faith    .   (helmet restricted)
rPois    .         Spirit   .   (no amulet)
rElec    .         Reflect  .   r - +1 ring of evasion
rCorr    .         Harm     .   (no ring)
MR       .....                  (no ring)
Stlth    +++++.....             (no ring)
HPRegen  0.15/turn              (no ring)
MPRegen  0.10/turn              (no ring)
                                (no ring)
                                (no ring)

@: marked, very slightly contaminated
A: almost no armour, stealthy swim, amphibious, 8 rings, constrict 8, camouflage
1, gelatinous body 1
a: no special abilities


You were in an ossuary.
You were not hungry.

You visited 1 branch of the dungeon, and saw 4 of its levels.
You also visited: Ossuary.

You collected 242 gold pieces.

Inventory:

Hand Weapons
 a - a +2 dagger
 b - a +0 blowgun
 i - a +0 dagger of draining
 q - a +2 dagger of speed (weapon)
Missiles
 c - 28 poisoned needles
 d - 2 curare-tipped needles
 l - 2 needles of sleeping
Armour
 m - a +0 large shield (worn)
Jewellery
 r - a +1 ring of evasion (left tentacle)
Scrolls
 g - 2 scrolls of magic mapping {unknown}
 h - a scroll of remove curse {unknown}
 j - 3 scrolls of teleportation {unknown}
 k - a scroll of noise {unknown}
 n - 4 scrolls of enchant weapon {unknown}
 o - 3 scrolls of identify {unknown}
 p - a scroll of random uselessness {unknown}
Potions
 e - a potion of magic
Comestibles
 f - 4 rations


   Skills:
 + Level 3.6 Fighting
 + Level 3.6 Short Blades
 - Level 2.0 Throwing
 + Level 3.1 Dodging
 * Level 8.4 Stealth


You had 6 spell levels left.
You didn't know any spells.
Your spell library was empty.

Dungeon Overview and Level Annotations

Branches:
Dungeon (4/15)
 Temple: D:4-7

Altars:
Ashenzari
Cheibriados
Gozag
Okawaru
Ru
Xom
Zin


Innate Abilities, Weirdness & Mutations

You cannot wear most types of armour.
You are very stealthy in the water. (Stealth+)
You are amphibious.
You can wear up to eight rings at the same time.
You can use your tentacles to constrict eight enemies at once.
Your skin changes colour to match your surroundings (Stealth+).
Your rubbery body absorbs attacks. (AC +1, EV +1)


Message History

* * * LOW HITPOINT WARNING * * *
You barely miss the hobgoblin zombie. You grab the hobgoblin zombie.
You squeeze the hobgoblin zombie, but do no damage.
The hobgoblin zombie is heavily damaged.
You constrict the hobgoblin zombie.
You block the big kobold zombie's attack.
You block the hobgoblin zombie's attack. x2
You hit the hobgoblin zombie.
You destroy the hobgoblin zombie!
The centaur zombie hits you.
* * * LOW HITPOINT WARNING * * *
The centaur zombie hits you.
* * * LOW HITPOINT WARNING * * *
The big kobold zombie closely misses you.
You block the centaur zombie's attack.
The centaur zombie completely misses you.
The hobgoblin zombie fails to trigger a net trap.
There is a gate leading back out of this place here.
The centaur zombie closely misses you. x2; The big kobold zombie hits you.
You die...

####### #
###########.#.#.#.#.
##..........^....^..^
#......ZZ....^.Z.....
#.....∩Z@........Z^^.
#.......Z........^..^
##.........^....^^...
###########.#.#.#.#.
####### #


You could see 2 hobgoblin zombies, a big kobold zombie and 2 centaur zombies.

Vanquished Creatures
  A bullfrog (D:3)
  A wyvern zombie (D:4)
  2 orc wizards (D:3)
  Ijyb (D:4)
  Natasha (D:4)
  A bullfrog skeleton (D:4)
  A worker ant (D:4)
  3 mummies (Ossuary)
  2 hound skeletons (D:4)
  5 adders (D:2)
  2 worms
  A dart slug (D:1)
  3 orcs (D:3)
  6 bats
  3 giant cockroaches
  6 hobgoblins
  6 jackals
  2 quokkas (D:3)
  A ball python (D:2)
  4 frilled lizards
  8 goblins
  A hobgoblin zombie (Ossuary)
  4 kobolds
  A quokka skeleton (D:4)
  6 rats
72 creatures vanquished.

Notes
Turn   | Place    | Note
-------+----------+-------------------------------------------
     0 | D:1      | Emblim88 the Octopode Assassin began the quest for the Orb.
     0 | D:1      | Reached XP level 1. HP: 14/14 MP: 1/1
   340 | D:1      | Reached XP level 2. HP: 18/19 MP: 2/2
   836 | D:2      | Reached skill level 6 in Stealth
   836 | D:2      | Reached XP level 3. HP: 11/25 MP: 3/3
  1196 | D:2      | Found an iron altar of Okawaru.
  1485 | D:2      | Reached XP level 4. HP: 30/30 MP: 4/4
  2059 | D:3      | Noticed a bullfrog
  2066 | D:3      | Killed a bullfrog
  2066 | D:3      | Reached skill level 7 in Stealth
  2066 | D:3      | Reached XP level 5. HP: 36/36 MP: 5/5
  2115 | D:3      | Found an opulent altar of Gozag.
  2118 | D:3      | Found a snail-covered altar of Cheibriados.
  2336 | D:3      | Found a shattered altar of Ashenzari.
  2434 | D:3      | Noticed an angel
  2438 | D:3      | Found a glowing silver altar of Zin.
  2439 | D:3      | Found a shimmering altar of Xom.
  2498 | D:3      | HP: 1/36 [orc wizard/magic dart (7)]
  2500 | D:3      | Reached XP level 6. HP: 1/42 MP: 6/6
  2841 | D:3      | Found a sacrificial altar of Ru.
  3062 | D:4      | Reached skill level 8 in Stealth
  3141 | D:4      | Noticed Natasha
  3149 | D:4      | Killed Natasha
  3184 | D:4      | Noticed Ijyb
  3222 | D:4      | Killed Ijyb
  3420 | D:4      | Found a sand-covered staircase.
  3425 | Ossuary  | Entered an ossuary
  3431 | Ossuary  | Reached XP level 7. HP: 40/46 MP: 7/7
  3491 | Ossuary  | Slain by a big kobold zombie

Skill      XL: |  1  2  3  4  5  6 |
---------------+-------------------+-----
Stealth        | 6 7 8 |  8.4
Dodging        | 2 3 |  3.1
Short Blades   | 3 |  3.6
Fighting       | 3 |  3.6
Throwing       | |  2.0

Action                   |  1- 3 |  4- 6 |  7- 9 || total
-------------------------+-------+-------+-------++-------
Melee: Dagger            |    53 |   115 |    15 ||   183
       Constrict         |    10 |    21 |     2 ||    33
       Tentacles         |     8 |    23 |     6 ||    37
  Use: Potion            |       |     3 |     3 ||     6
 Stab: Sleeping          |     7 |    16 |       ||    23
       Invisible         |       |       |     1 ||     1
  Eat: Ration            |     1 |       |     1 ||     2
       Chunk             |       |     4 |       ||     4
Armor: Skin              |       |     7 |     1 ||     8
Dodge: Dodged            |    21 |    22 |     8 ||    51
Block: Large shield      |       |    24 |    12 ||    36
